Map: [ESL] Altitude

Players

ShoWTimE

  • Race: Protoss Protoss

Spirit - Winner!

  • Race: Terran Terran

Event: IEM Katowice 2023

VOD

Have the link to the VOD?

Description

Time

  • Played on: Feb. 10, 2023, 7 a.m.
  • Length: 11:32

All games in this series

Show
View Real Time Build Order
Export as new Build Order

ShoWTimE Protoss 

Build Orders: 1 Gate Expand, Oracle Opening, Phoenix Opening 

Get SALT Encoding   

  12  0:00  Probe  
  13  0:12  Probe  
  14  0:18  Pylon  
  14  0:24  Probe (Chrono Boost)  
  15  0:36  Probe (Chrono Boost)  
  15  0:37  Gateway  
  16  0:45  Assimilator, Probe (Chrono Boost)  
  17  0:51  Probe  
  18  1:03  Probe  
  19  1:15  Probe  
  20  1:23  Nexus  
  20  1:34  Cybernetics Core  
  20  1:37  Probe  
  21  1:42  Assimilator  
  21  1:49  Probe  
  21  1:53  Pylon  
  22  2:01  Probe  
  22  2:04  Pylon  
  22  2:08  Adept (Chrono Boost)  
  23  2:13  Probe  
  26  2:22  Stargate  
  26  2:26  Probe (Chrono Boost)  
  27  2:30  Adept (Chrono Boost)  
  27  2:36  Probe (Chrono Boost)  
  30  2:41  Warp Gate  
  31  2:44  Probe (Chrono Boost)  
  31  2:46  Probe (Chrono Boost)  
  31  2:51  Probe x2 (Chrono Boost)  
  33  2:55  Adept  
  36  3:02  Probe  
  36  3:03  Probe  
  38  3:05  Oracle (Chrono Boost)  
  41  3:15  Probe x2  
  43  3:24  Gateway  
  44  3:27  Probe x2  
  45  3:35  Phoenix (Chrono Boost)  
  45  3:38  Pylon  
  45  3:39  Probe x2  
  46  3:50  Assimilator  
  46  3:51  Probe x2  
  46  3:52  Assimilator  
  46  3:55  Robotics Facility  
  48  4:00  Phoenix (Chrono Boost)  
  50  4:03  Probe x2  
  52  4:15  Probe x2  
  54  4:20  Pylon  
  54  4:22  Phoenix (Chrono Boost)  
  56  4:29  Pylon  
  56  4:30  Adept x2  
  60  4:43  Phoenix (Chrono Boost)  
  60  4:44  Immortal (Chrono Boost)  
  66  4:53  Nexus  
  66  4:57  Probe  
  66  4:58  Pylon, Probe  
  68  5:04  Robotics Bay  
  68  5:09  Phoenix  
  68  5:11  Probe  
  68  5:13  Probe  
  60  5:16  Observer (Chrono Boost)  
  61  5:23  Probe  
  61  5:25  Probe  
  63  5:31  Adept  
  65  5:35  Probe  
  65  5:38  Probe, Stalker  
  67  5:48  Probe  
  60  5:54  Stalker  
  60  5:56  Probe  
  61  6:00  Probe  
  61  6:02  Stalker  
  60  6:08  Observer (Chrono Boost)  
  61  6:15  Probe x2  
  61  6:28  Stalker  
  63  6:32  Nexus  
  63  6:34  Probe  
  62  6:41  Probe  
  62  6:47  Probe  
  64  6:49  Colossus (Chrono Boost)  
  64  6:50  Pylon  
  70  7:02  Pylon  
  70  7:08  Probe x2  
  72  7:13  Gateway  
  72  7:15  Sentry  
  74  7:20  Pylon, Probe x2  
  76  7:27  Extended Thermal Lance  
  74  7:32  Sentry, Probe x2  
  76  7:38  Colossus (Chrono Boost)  
  82  7:44  Probe x2  
  82  7:45  Probe  
  85  7:56  Probe (Chrono Boost)  
  85  7:57  Probe (Chrono Boost)  
  88  7:58  Probe (Chrono Boost)  
  88  8:00  Forge  
  88  8:01  Twilight Council  
  88  8:02  Pylon  
  88  8:08  Probe (Chrono Boost)  
  88  8:09  Probe (Chrono Boost)  
  88  8:10  Shield Battery  
  88  8:11  Sentry  
  93  8:13  Probe (Chrono Boost)  
  93  8:14  Probe x2 (Chrono Boost)  
  95  8:20  Probe  
  95  8:22  Probe  
  95  8:23  Probe  
  95  8:26  Gateway  
  98  8:27  Shield Battery  
  98  8:28  Colossus (Chrono Boost), Observer  
  98  8:32  Protoss Ground Weapons Level 1 (Chrono Boost), Charge (Chrono Boost), Probe  
  105  8:34  Probe  
  105  8:35  Probe  
  105  8:37  Pylon  
  107  8:43  Stalker  
  107  8:44  Probe  
  107  8:47  Gateway, Probe  
  111  8:51  Zealot x2  
  115  8:58  Gateway  
  115  9:03  Shield Battery  
  115  9:07  Shield Battery  
  115  9:09  Pylon, Assimilator  
  115  9:10  Photon Cannon  
  115  9:13  Assimilator, Zealot x2  
  119  9:17  Pylon  
  119  9:25  Pylon, Zealot x2  
  119  9:30  Templar Archives  
  123  9:32  Pylon, Immortal  
  127  9:38  Pylon, Zealot x2  
  127  9:45  Pylon  
  131  9:48  Zealot x3  
  136  9:57  Zealot  
  136  10:04  Nexus  
  134  10:14  Zealot x5  
  134  10:19  Zealot  
  145  10:21  Probe  
  133  10:34  Zealot x5  
  129  10:40  Probe x2  
  129  10:41  Probe  
  129  10:42  Assimilator  
  131  10:52  Probe x2  
  131  10:54  Disruptor (Chrono Boost)  
  131  10:56  High Templar x6  
  144  11:00  Archon x3, Pylon  
  144  11:03  Pylon  
  147  11:09  Nexus  
Show
View Real Time Build Order
Export as new Build Order

Spirit Terran - Winner!

Build Orders:  

Get SALT Encoding   

  12  0:00  SCV  
  13  0:12  SCV  
  14  0:17  Supply Depot  
  14  0:24  SCV  
  15  0:39  Barracks, SCV  
  16  0:44  Refinery  
  16  0:51  SCV  
  17  1:03  SCV  
  18  1:15  SCV  
  19  1:26  Marine  
  19  1:27  Orbital Command  
  20  1:46  Command Center  
  20  1:52  SCV  
  21  1:56  Factory  
  21  2:04  SCV  
  21  2:05  Barracks Reactor  
  22  2:08  Supply Depot  
  22  2:12  Refinery  
  22  2:17  SCV  
  23  2:30  SCV  
  24  2:40  Widow Mine  
  24  2:41  Marine x2  
  24  2:42  SCV  
  29  2:44  Starport  
  29  2:54  SCV  
  29  2:57  Orbital Command  
  30  3:01  Widow Mine  
  30  3:03  Marine  
  33  3:06  SCV  
  33  3:07  Marine  
  35  3:18  SCV  
  36  3:21  Medivac  
  36  3:24  Widow Mine  
  36  3:26  SCV  
  41  3:30  Armory  
  41  3:32  Supply Depot  
  41  3:34  SCV  
  41  3:36  Marine  
  41  3:38  Marine  
  41  3:40  SCV  
  45  3:46  SCV  
  45  3:47  Factory Tech Lab  
  44  3:52  SCV  
  44  3:54  Marine  
  46  3:58  SCV  
  46  4:02  Marine  
  48  4:04  SCV  
  48  4:05  Supply Depot  
  49  4:10  SCV  
  49  4:12  Marine  
  51  4:20  Marine  
  51  4:21  Thor  
  58  4:30  Marine  
  59  4:32  SCV, Supply Depot  
  59  4:33  SCV  
  59  4:37  Medivac  
  59  4:38  Marine  
  64  4:44  SCV  
  64  4:45  SCV  
  66  4:48  Marine  
  66  4:50  Supply Depot  
  67  4:55  Marine  
  67  4:56  SCV  
  67  4:57  SCV  
  70  5:06  Marine  
  71  5:08  SCV  
  71  5:09  SCV  
  71  5:13  Marine  
  74  5:20  SCV  
  75  5:21  SCV  
  75  5:22  Barracks  
  75  5:23  Barracks  
  75  5:24  Marine  
  75  5:31  Marine  
  75  5:32  SCV  
  75  5:33  SCV  
  75  5:40  Cyclone  
  75  5:41  Marine  
  79  5:44  SCV  
  79  5:45  SCV  
  80  5:51  Marine  
  80  5:56  SCV  
  76  5:57  SCV  
  76  5:59  Marine, Viking  
  74  6:08  Marine, SCV  
  74  6:09  SCV  
  75  6:11  Engineering Bay  
  75  6:12  Barracks Tech Lab x2, Cyclone  
  75  6:17  Marine  
  77  6:29  Viking  
  77  6:31  Stimpack  
  77  6:32  Bunker, Command Center  
  75  6:40  SCV, Refinery  
  75  6:41  Refinery  
  75  6:42  Supply Depot  
  75  6:43  Combat Shield  
  75  6:45  Marine  
  75  6:47  SCV  
  75  6:52  SCV  
  77  6:54  Engineering Bay  
  77  6:55  Missile Turret  
  77  6:59  SCV  
  78  7:07  SCV  
  77  7:09  Barracks  
  77  7:10  Barracks  
  77  7:11  SCV  
  78  7:19  Marine, Marauder x2, SCV  
  78  7:22  Terran Infantry Weapons Level 1  
  84  7:24  Terran Infantry Armor Level 1  
  84  7:28  SCV  
  84  7:29  Marine  
  85  7:33  SCV  
  85  7:35  Siege Tank  
  85  7:36  Starport Reactor  
  90  7:40  Supply Depot  
  90  7:41  Marauder, Supply Depot  
  92  7:45  Marauder  
  92  7:46  SCV  
  92  7:51  SCV  
  94  7:55  Marine  
  94  7:58  SCV  
  96  8:00  Missile Turret  
  96  8:02  Marauder  
  98  8:06  SCV  
  98  8:07  Supply Depot  
  98  8:09  Barracks Reactor  
  98  8:11  Orbital Command  
  98  8:12  SCV  
  100  8:16  Medivac x2  
  100  8:18  SCV  
  105  8:20  Siege Tank  
  105  8:23  Barracks Tech Lab  
  105  8:24  SCV  
  105  8:25  Concussive Shells  
  109  8:30  Marauder, SCV, Refinery x2  
  112  8:36  SCV  
  112  8:38  SCV  
  112  8:39  Marine  
  112  8:40  Marine, Marauder  
  118  8:42  SCV  
  118  8:45  Marine x2  
  118  8:46  Medivac, Marauder  
  125  8:50  Ghost Academy  
  125  8:52  Marauder  
  127  8:57  Marine  
  127  8:58  Marine  
  127  9:00  Medivac  
  131  9:04  Marine  
  131  9:05  Command Center  
  131  9:06  Marine, Supply Depot  
  131  9:07  Marine x2, Supply Depot  
  135  9:13  Marauder  
  135  9:15  Marine  
  135  9:16  Marine  
  139  9:19  Medivac  
  141  9:27  Marine x2  
  141  9:28  Marauder x2  
  141  9:29  Supply Depot  
  141  9:30  Medivac  
  141  9:31  Supply Depot  
  149  9:33  Marine  
  149  9:34  Marine x2  
  152  9:45  Marine  
  153  9:49  Marauder x2  
  153  9:51  Ghost  
  159  9:55  Supply Depot x2  
  159  9:58  Starport  
  159  10:09  Marine, Ghost x2  
  159  10:10  Marine  
  159  10:15  Marine  
  159  10:17  Viking  
  159  10:20  Marine  
  159  10:21  Marauder  
  150  10:29  Marine  
  150  10:30  Marine  
  150  10:34  Marine  
  142  10:38  Ghost  
  142  10:39  Marauder  
  142  10:41  Ghost, Viking  
  150  10:43  Starport Reactor  
  150  10:46  Viking  
  150  10:47  SCV x2  
  150  10:49  SCV  
  155  10:52  Planetary Fortress  
  155  10:59  SCV  
  155  11:00  Marauder  
  155  11:03  Barracks  
  158  11:04  Barracks  
  158  11:07  Marine, SCV, Refinery  
  158  11:08  SCV, Marauder  
  158  11:10  Barracks  
  163  11:11  Refinery  
  163  11:13  Marine  

Tags
 
Add a new tag
Caveats
  • Supply blocks, unpowered buildings, or Contaminate may cause inaccurate times.
  • Supply counts are checked every 10 seconds.